 Dungeon Crawl Stone Soup version 0.30.1-9-gdf580d7c3d (webtiles) character file.

Game seed: 1410428692312345490

455540 monsoonserge the Conqueror (level 24, -2/246 (249) HPs)
             Began as a Hill Orc Fighter on Sept 26, 2023.
             Was a High Priest of Okawaru.
             Killed by divine providence
             ... invoked by Khufu
              (14 damage)
             ... on level 1 of the Tomb of the Ancients.
             The game lasted 03:30:36 (52696 turns).

monsoonserge the Conqueror (Hill Orc Fighter)      Turns: 52696, Time: 03:30:36

HP:   -2/246 (249)  AC: 47    Str: 35    XL:     24   Next: 6%
MP:   0/32          EV: 13    Int:  8    God:    Okawaru [*****.]
Gold: 4849          SH: 13    Dex: 14    Spells: 23/23 levels left

rFire   + . .        a - +9 broad axe (flame)
rCold   + . .        N - +2 buckler of the Eye-covered God {rF- Will+++ rCorr Str+5}
rNeg    + + .        T - +11 plate armour of Foolhardiness {Dex+4}
rPois   .            i - +1 helmet
rElec   .            w - scarf {repulsion}
rCorr   +            x - +3 pair of gauntlets of War {Slay+5}
SInv    +            e - +0 pair of boots of Agafu {Harm rF+}
Will    ++++.        F - amulet of guardian spirit Stlth
                     E - ring "Pisaal" {rC+ AC+4 SInv}
HPRegen 0.61/turn    P - ring of Eternal Harmony {rF+ rN++}
MPRegen 0.23/turn

%: harm (+30% outgoing, +20% incoming), repel missiles, guardian spirit
@: heroic, finesse-ful, slowed, studying Fire Magic, lightly drained, very slow
A: no striking features
}: 3/15 runes: serpentine, barnacled, silver
a: Renounce Religion, Heroism, Finesse, Duel


You were on level 1 of the Tomb of the Ancients.
You worshipped Okawaru.
Okawaru was extremely pleased with you.
You visited 10 branches of the dungeon, and saw 41 of its levels.
You also visited: Ossuary and Bailey.

You collected 6593 gold pieces.
You spent 1744 gold pieces at shops.

Inventory:

Hand Weapons
 a - a +9 broad axe of flaming (weapon)
 b - the +3 greatsling "Punk" {acid, rCorr}
   (You found it on level 5 of the Vaults)

   rCorr:     It protects you from acid and corrosion.
Missiles
 p - 9 silver boomerangs
 u - 21 atropa-tipped darts
 v - 13 throwing nets
 y - 10 boomerangs of dispersal
 K - 4 datura-tipped darts
 L - 22 silver javelins
 M - 15 curare-tipped darts
 S - 22 javelins (quivered)
Armour
 e - the +0 pair of boots of Agafu (worn) {Harm rF+}
   (You bought it in a shop on level 2 of the Dungeon)

   rF:        It protects you from fire.
   Harm:      It increases damage dealt and taken.
 g - +0 gold dragon scales
 i - a +1 helmet (worn)
 w - a scarf of repulsion (worn)
 x - the +3 pair of gauntlets of War (worn) {Slay+5}
   (You bought it in a shop on level 2 of the Orcish Mines)

   Slay:      It affects your accuracy & damage with ranged weapons and melee
   (+5).
 N - the +2 buckler of the Eye-covered God (worn) {rF- Will+++ rCorr Str+5}
   (You bought it in a shop on level 2 of the Dungeon)

   Str:       It affects your strength (+5).
   rF:        It makes you vulnerable to fire.
   rCorr:     It protects you from acid and corrosion.
   Will:      It greatly increases your willpower.
 T - the +11 plate armour of Foolhardiness (worn) {Dex+4}
   (You found it on level 5 of the Lair of Beasts)

   Dex:       It affects your dexterity (+4).
Jewellery
 E - the ring "Pisaal" (left hand) {rC+ AC+4 SInv}
   (You acquired it in a bailey)

   [ring of protection]

   AC:        It affects your AC (+4).
   rC:        It protects you from cold.
   SInv:      It lets you see invisible.
 F - an amulet of guardian spirit (around neck)
 P - the ring of Eternal Harmony (right hand) {rF+ rN++}
   (You found it on level 15 of the Dungeon)

   [ring of protection from fire]

   rF:        It protects you from fire.
   rN:        It greatly protects you from negative energy.
 V - a ring of poison resistance
Wands
 h - a wand of roots (29)
 B - a wand of acid (24)
 U - a wand of mindburst (13)
 X - a wand of polymorph (16)
 Z - a wand of digging (17)
Scrolls
 j - 14 scrolls of immolation
 m - 10 scrolls of fear
 n - 6 scrolls of enchant armour
 r - 2 scrolls of blinking
 s - 13 scrolls of fog
 t - 5 scrolls of magic mapping
 A - 5 scrolls of torment
 C - 13 scrolls of teleportation
 D - 6 scrolls of poison
 Y - a scroll of silence
Potions
 c - 13 potions of mutation
 d - 11 potions of might
 k - 24 potions of curing
 l - 5 potions of cancellation
 o - 10 potions of heal wounds
 q - 11 potions of flight
 z - 6 potions of magic
 G - 9 potions of invisibility
 H - 11 potions of lignification
 I - 5 potions of berserk rage
 O - 13 potions of haste
 R - 6 potions of ambrosia
 W - 3 potions of resistance
Miscellaneous
 f - a lightning rod (4/4)
 J - a phial of floods
 Q - a condenser vane


   Skills:
 O Level 27 Fighting
 - Level 21.2(27) Axes
 - Level 8.2(19.3) Maces & Flails
 * Level 4.7(9.7) Ranged Weapons
 + Level 7.6(12.6) Throwing
 + Level 20.6(25.6) Armour
 + Level 4.1(9.1) Dodging
 + Level 4.0(9.0) Stealth
 + Level 20.6(25.6) Shields
 + Level 12.9 Invocations
 + Level 8.3 Evocations


You had 23 spell levels left.
You didn't know any spells.
Your spell library contained the following spells:

 Spells                   Type           Power      Damage    Failure   Level
 Shock                    Conj/Air       0%         1d3       75%         1
 Slow                     Hex            0%         N/A       75%         1
 Cigotuvi's Dreadful Rot  Necr/Pois/Air  0%         N/A       86%         2
 Ensorcelled Hibernation  Hex/Ice        0%         N/A       86%         2
 Lesser Beckoning         Tloc           0%         N/A       86%         2
 Static Discharge         Conj/Air       0%         2-2/arc   86%         2
 Confusing Touch          Hex            0%         N/A       98%         3
 Gell's Gravitas          Tloc           0%         N/A       98%         3
 Hailstorm                Conj/Ice       0%         3d3       98%         3
 Ignite Poison            Fire/Tmut/Pois 0%         N/A       98%         3
 Mephitic Cloud           Conj/Pois/Air  0%         N/A       98%         3
 Ozocubu's Armour         Ice            0%         N/A       98%         3
 Portal Projectile        Hex/Tloc       0%         N/A       98%         3
 Swiftness                Air            0%         N/A       98%         3
 Teleport Other           Tloc           0%         N/A       98%         3
 Vampiric Draining        Necr           0%         2d6       98%         3
 Vhi's Electric Charge    Tloc/Air       0%         N/A       98%         3
 Airstrike                Air            0%         2d(0-16)  100%        4
 Cause Fear               Hex            0%         N/A       100%        4
 Dispel Undead            Necr           0%         3d6       100%        4
 Ice Form                 Ice/Tmut       0%         N/A       100%        4
 Iskenderun's Mystic Bla  Conj/Tloc      0%         2d3       100%        4
 Leda's Liquefaction      Hex/Erth       0%         N/A       100%        4
 Passage of Golubria      Tloc           0%         N/A       100%        4
 Sticky Flame             Conj/Fire      0%         2d3       100%        4
 Fireball                 Conj/Fire      0%         3d3       100%        5
 Freezing Cloud           Conj/Ice/Air   0%         6-21      100%        5
 Iskenderun's Battlesphe  Conj           0%         2d6       100%        5
 Lee's Rapid Deconstruct  Erth           0%         3d4*      100%        5
 Metabolic Englaciation   Hex/Ice        0%         N/A       100%        5
 Silence                  Hex/Air        0%         N/A       100%        5
 Conjure Ball Lightning   Conj/Air       0%         3x3d6     100%        6
 Dispersal                Tloc           0%         N/A       100%        6
 Eringya's Noxious Bog    Tmut/Pois      0%         N/A       100%        6
 Iron Shot                Conj/Erth      0%         9d1       100%        6
 Plasma Beam              Fire/Air       0%         2x1d11    100%        6
 Statue Form              Tmut/Erth      0%         N/A       100%        6
 Dragon Form              Tmut           0%         N/A       100%        7
 Orb of Destruction       Conj           0%         9d5       100%        7
 Ozocubu's Refrigeration  Ice            0%         4d7       100%        7
 Storm Form               Tmut/Air       0%         N/A       100%        7
 Borgnjor's Revivificati  Necr           0%         N/A       100%        8
 Lehudib's Crystal Spear  Conj/Erth      0%         10d2      100%        8
 Maxwell's Capacitive Co  Air            0%         ∞         100%        8
 Necromutation            Tmut/Necr      0%         N/A       100%        8
 Death's Door             Necr           0%         N/A       100%        9
 Polar Vortex             Ice            0%         N/A       100%        9
 Call Canine Familiar     Summ           Unusable   N/A       N/A         3
 Summon Guardian Golem    Hex/Summ       Unusable   N/A       N/A         3
 Summon Lightning Spire   Summ/Air       Unusable   N/A       N/A         4
 Summon Forest            Summ/Tloc      Unusable   N/A       N/A         5
 Summon Mana Viper        Hex/Summ       Unusable   N/A       N/A         5
 Death Channel            Necr           Unusable   N/A       N/A         6
 Simulacrum               Ice/Necr       Unusable   N/A       N/A         6
 Summon Cactus Giant      Summ           Unusable   N/A       N/A         6
 Spellforged Servitor     Conj/Summ      Unusable   N/A       N/A         7
 Summon Hydra             Summ           Unusable   N/A       N/A         7
 Dragon's Call            Summ           Unusable   N/A       N/A         9

Dungeon Overview and Level Annotations

Branches:
Dungeon (15/15)            Temple (1/1) D:4            Lair (5/5) D:9
 Shoals (4/4) Lair:3        Snake (4/4) Lair:2        Slime (0/5) Lair:4
    Orc (2/2) D:10            Elf (0/3) Orc:2        Vaults (5/5) D:13
  Crypt (3/3) Vaults:3       Tomb (1/3) Crypt:3      Depths (1/4) D:15
Ossuary (visited)          Bailey (visited)

Altars:
Ashenzari
Cheibriados
Dithmenos
Elyvilon
Fedhas
Gozag
Hepliaklqana
Kikubaaqudgha
Makhleb
Nemelex Xobeh
Okawaru
Qazlal
Ru
Sif Muna
Trog
Uskayaw
Vehumet
Wu Jian
Xom
Yredelemnul
Zin
The Shining One
Jiyva

Shops:
D:2 [!   D:3 :   D:10 [(   D:11 =   Orc:2 *?=([   Shoals:2 (   Snake:4 :(*[
Vaults:4 *

Annotations:
Tomb:1 Khufu


Message History

You destroy the death scarab!
The death scarab's corpse disappears in a puff of smoke!
The emperor scorpion barely misses you. The emperor scorpion misses you.
The emperor scorpion claws you but does no damage.
The royal mummy gestures wildly while chanting.
You block Khufu's attack.
Unknown command.
Unknown command.
You feel sick. The death scarab misses you. The death scarab bites you!
* * * LOW HITPOINT WARNING * * *
The death scarab drains your vigour!
You feel as though you will be slow longer.
The death scarab draws strength from your injuries!
You block the death scarab's attack.
The royal mummy calls on the powers of darkness!
The emperor scorpion convulses!
Your body is wracked with pain!
* * * LOW HITPOINT WARNING * * *
Khufu hits you but does no damage. The death scarab bites you!
* * * LOW HITPOINT WARNING * * *
The death scarab draws strength from your injuries!
The death scarab bites you but does no damage.
There is a staircase back to the Crypt, spattered with blood here.
You feel much better.
You feel sick. The death scarab completely misses you.
The death scarab waves its antennae.
The death scarab bites you but does no damage. x2
The royal mummy calls on the powers of darkness!
The emperor scorpion convulses!
Your body is wracked with pain!
* * * LOW HITPOINT WARNING * * *
You block Khufu's attack.
The death scarab bites you but does no damage.
You block Khufu's attack.
You feel sick.
You are no longer poisoned.
You block the death scarab's attack. The death scarab bites you!
* * * LOW HITPOINT WARNING * * *
The death scarab draws strength from your injuries!
The death scarab barely misses you. Khufu casts a spell at you.
Something smites you!
You die...

##################
#@BB..............
#BMB..............
#MsBM.........[...
#BB...............
#M................
#..........#######
#..........#
#..........#
#.?........#


You could see Khufu, a royal mummy, an emperor scorpion (summoned), 7 death
scarabs and 2 mummies.

Vanquished Creatures
  2 dread liches
  Bai Suzhen (Shoals:3)
  Margery (Vaults:2)
  Vashnia (Snake:2)
  Saint Roka (Snake:2)
  The ghost of Hali the Executioner, a veteran FoFi of Dithmenos (Crypt:2)
  Nikola (Shoals:1)
  2 golden dragons (Vaults:5)
  A bone dragon (Crypt:3)
  Jorgrun (Snake:3)
  2 liches (Crypt:3)
  4 tentacled monstrosities (Vaults:5)
  4 titans (Vaults:5)
  3 quicksilver dragons (Vaults:5)
  11 sphinxes
  2 storm dragons
  3 shadow dragons
  Polyphemus (Shoals:3)
  10 ancient champions
  3 tengu reavers
  Roxanne (Snake:3)
  2 revenants (Crypt:1)
  5 nagarajas (Snake:4)
  4 fire giants (Vaults:5)
  Ilsuiw (Shoals:1)
  5 frost giants
  An iron dragon (Vaults:5)
  19 vault wardens
  The ghost of Wimnad the Brawler, a journeyman TrFi of Uskayaw (Orc:1)
  A curse skull (Crypt:2)
  3 orc warlords
  2 very ugly things (Vaults:5)
  5 stone giants
  18 ghouls
  27 ironbound preservers
  3 war gargoyles
  11 ironbound thunderhulks
  2 deep elf demonologists (Vaults:5)
  A vampire knight (Crypt:1)
  Nessos (Lair:5)
  2 dire elephants
  2 bennus (Tomb:1)
  An eleionoma (shapeshifter) (Vaults:5)
  5 eidola
  11 merfolk impalers
  3 merfolk javelineers
  6 ettins
  Snorg (D:14)
  17 jiangshi
  Josephine (Orc:2)
  3 mummy priests
  4 deep elf death magi
  3 deep elf high priests
  2 crystal guardians (Vaults:4)
  4 entropy weavers
  7 great orbs of eyes
  5 peacekeepers
  Harold (D:10)
  26 vault guards
  4 hydras
  A rakshasa (D:15)
  4 merfolk avatars
  Erolcha (Orc:1)
  12 yaktaur captains
  6 salamander tyrants
  A quicksilver dragon skeleton (Crypt:2)
  4 alligator snapping turtles
  13 ironbound frosthearts
  A bennu zombie (Crypt:3)
  4 ogre magi
  12 two-headed ogres
  2 catoblepae
  15 centaur warriors
  9 anacondas
  A deep troll shaman (Lair:5)
  3 satyrs
  14 death yaks
  A tengu warrior (D:15)
  An alligator (Lair:3)
  5 merfolk aquamancers
  5 death knights
  15 naga sharpshooters
  17 naga warriors
  9 vampire magi
  4 death scarabs (Tomb:1)
  7 boulder beetles
  3 orc high priests (Orc:2)
  A titan zombie (Crypt:3)
  2 shadow wraiths (Crypt:3)
  Urug (D:10)
  A soul eater (Crypt:3)
  Amaemon (Lair:2)
  4 shock serpents
  5 hell knights
  An emperor scorpion zombie (Crypt:2)
  3 skysharks
  A bunyip zombie (Crypt:1)
  20 skeletal warriors
  A golden dragon zombie (D:15)
  A deep troll (shapeshifter) (Vaults:5)
  9 naga ritualists
  9 salamander mystics
  7 flayed ghosts
  10 sea snakes
  2 bog bodies (Crypt:2)
  2 glowing orange brains
  62 deep trolls
  2 shadow dragon zombies
  11 phantasmal warriors
  13 harpies
  9 lindwurms
  Pikel (D:5)
  A golden dragon skeleton (Crypt:2)
  5 wizards
  2 deep elf pyromancers (D:13)
  12 orc knights
  6 necromancers
  A harpy (shapeshifter) (D:13)
  20 ironbound convokers
  3 mana vipers
  6 manticores
  29 salamanders
  A wolf spider (Vaults:5)
  5 cyclopes
  A cyclops (shapeshifter) (Vaults:4)
  13 ugly things
  3 oklob plants
  6 orc sorcerers
  12 fauns
  A goliath frog skeleton (Crypt:1)
  A sphinx skeleton (Crypt:2)
  15 merfolk sirens
  2 iron dragon skeletons (Crypt:3)
  5 water nymphs
  36 black mambas
  A titan simulacrum (Crypt:2)
  A frost giant skeleton (D:15)
  5 guardian serpents
  4 elephants
  Joseph (D:15)
  A torpor snail (shapeshifter) (Vaults:5)
  22 naga magi
  4 molten gargoyles (D:10)
  15 vault sentinels
  A dire elephant zombie (Crypt:3)
  4 torpor snails
  6 cane toads
  A gargoyle (D:12)
  19 yaktaurs
  14 freezing wraiths
  A minotaur zombie (Crypt:3)
  An orange demon (Lair:2)
  2 kobold demonologists (D:11)
  An efreet (D:14)
  8 komodo dragons
  6 rime drakes
  5 guardian mummies
  7 trolls
  2 harpy skeletons (Tomb:1)
  8 wind drakes
  A polar bear (Lair:4)
  30 merfolk
  A dream sheep (shapeshifter) (Vaults:1)
  A boulder beetle zombie (Crypt:1)
  2 spriggan zombies
  12 snapping turtles
  2 ice dragon zombies
  A stone giant simulacrum (Crypt:1)
  44 slime creatures
  A jumping spider (shapeshifter) (Vaults:5)
  9 water elementals
  16 wraiths
  A wyvern (Lair:3)
  2 basilisks
  A shadow (D:11)
  44 yaks
  4 ushabtiu
  2 steam dragons
  3 redbacks (Vaults:4)
  8 vampire mosquitoes
  3 naga zombies
  6 wargs
  47 nagas
  2 acid dragons
  14 water moccasins
  A meliai simulacrum (D:15)
  An ice beast (D:6)
  3 sky beasts
  A black mamba simulacrum (Crypt:2)
  A snapping turtle zombie (Crypt:2)
  3 black bears
  35 orc warriors
  A swamp dragon zombie (Crypt:2)
  2 boggarts
  17 centaurs
  A dream sheep skeleton (Crypt:3)
  6 ogres
  A blink frog zombie (Crypt:1)
  A swamp dragon skeleton (Crypt:1)
  10 wolves
  A yaktaur zombie (Crypt:1)
  7 necrophages
  A gnoll sergeant (D:8)
  4 scorpions
  2 kobold brigands
  8 bullfrogs
  2 water moccasin zombies (Ossuary)
  A wight (D:10)
  2 cyclops skeletons
  2 spriggan skeletons (Crypt:3)
  15 killer bees
  2 electric eels (Lair:3)
  8 howler monkeys
  A lava snake (D:10)
  A human zombie (Crypt:3)
  A bullfrog zombie (Crypt:2)
  3 hounds
  3 jellies (Lair:4)
  3 gnoll boudas
  18 orc priests
  A sleepcap (D:4)
  4 iguanas
  24 orc wizards
  5 hell rats
  A basilisk skeleton (Crypt:2)
  A deep dwarf skeleton (Crypt:1)
  5 mummies
  Robin (D:1)
  7 adders
  22 gnolls
  A shadow imp (D:8)
  2 white imps
  2 ufetubi
  7 adder zombies
  2 worms (D:2)
  A dart slug (D:3)
  77 orcs
  6 ball pythons
  5 endoplasms
  3 giant cockroaches
  3 gnoll zombies (Ossuary)
  26 goblins
  22 hobgoblins
  2 quokkas
  4 bats
  8 frilled lizards
  11 hobgoblin zombies
  A jackal zombie (Crypt:3)
  15 kobolds
  9 kobold zombies (Ossuary)
  An orc skeleton (Crypt:2)
  5 orc zombies (Ossuary)
  A quokka zombie (Crypt:3)
  A rat (D:1)
  2 rat skeletons (Crypt:2)
  2 butterflies (Lair:4)
1667 creatures vanquished.

Vanquished Creatures (others)
  A jiangshi (Crypt:3)
  A faun (Shoals:1)
  A salamander (Snake:4)
  A merfolk siren (Shoals:1)
  A merfolk (Shoals:1)
5 creatures vanquished.

Grand Total: 1672 creatures vanquished

Notes
Turn   | Place    | Note
-------+----------+-------------------------------------------
     0 | D:1      | monsoonserge the Hill Orc Fighter began the quest for the
                  | Orb.
     0 | D:1      | Reached XP level 1. HP: 19/19 MP: 1/1
   148 | D:1      | Reached XP level 2. HP: 21/27 MP: 2/2
   278 | D:1      | Reached skill level 4 in Fighting
   526 | D:2      | Noticed Robin
   529 | D:2      | Reached XP level 3. HP: 33/33 MP: 3/3
   682 | D:1      | Killed Robin
   859 | D:2      | Found Etahanebb's Antique Armour Shoppe.
   948 | D:2      | Reached XP level 4. HP: 26/40 MP: 4/4
  1316 | D:2      | Found Dintoh's Distillery.
  1455 | D:2      | Found a faded altar of an unknown god.
  1460 | D:2      | Prayed at the altar of an unknown god.
  1460 | D:2      | Became a worshipper of Warmaster Okawaru
  1460 | D:2      | Reached * piety under Okawaru
  1629 | D:3      | Found Ceufutops's Book Shoppe.
  1715 | D:3      | Reached XP level 5. HP: 47/47 MP: 5/5
  1939 | D:3      | Found a blossoming altar of Fedhas.
  2108 | D:4      | Reached skill level 1 in Invocations
  2274 | D:4      | Reached skill level 5 in Axes
  2454 | D:4      | Noticed a black bear
  2464 | D:4      | Killed a black bear
  2464 | D:4      | Reached ** piety under Okawaru
  2465 | D:4      | Reached XP level 6. HP: 36/55 MP: 7/7
  2630 | D:4      | Found a staircase to the Ecumenical Temple.
  2651 | Temple   | Entered the Ecumenical Temple
  3196 | D:5      | Entered Level 5 of the Dungeon
  3253 | D:2      | Bought a pair of blackened boots for 285 gold pieces
  3253 | D:2      | Identified the +0 pair of boots of Agafu {Harm rF+} (You
                  | bought it in a shop on level 2 of the Dungeon)
  3482 | D:5      | Reached skill level 5 in Fighting
  3482 | D:5      | Reached XP level 7. HP: 59/61 MP: 9/9
  3715 | D:5      | Noticed Pikel
  3732 | D:5      | HP: 2/61 [Pikel/+2 whip of electrocution (8)]
  3734 | D:5      | Killed Pikel
  3735 | D:5      | Reached skill level 5 in Armour
  3735 | D:5      | Reached skill level 1 in Dodging
  3735 | D:5      | Reached XP level 8. HP: 31/69 MP: 8/10
  4023 | D:5      | Identified the staff of earth "Wesuk" {rElec Str-4 Int+2
                  | Dex+5}
  4579 | D:6      | Reached skill level 6 in Fighting
  5024 | D:6      | Reached skill level 10 in Axes
  5188 | D:6      | Found an iron altar of Okawaru.
  5317 | D:7      | Reached *** piety under Okawaru
  5342 | D:7      | Reached skill level 1 in Evocations
  5426 | D:7      | Reached XP level 9. HP: 72/78 MP: 11/11
  5584 | D:7      | Reached skill level 7 in Fighting
  5616 | D:7      | Found a sand-covered staircase.
  5638 | D:7      | Reached skill level 1 in Maces & Flails
  5661 | Ossuary  | Entered an ossuary
  5988 | D:7      | Found a white marble altar of Elyvilon.
  5993 | D:7      | Found a burning altar of Makhleb.
  5997 | D:7      | Found an ornate altar of the Wu Jian Council.
  5997 | D:7      | Found a hide-covered altar of Uskayaw.
  6003 | D:7      | Found an ancient bone altar of Kikubaaqudgha.
  6382 | D:8      | Found a radiant altar of Vehumet.
  6439 | D:8      | Reached skill level 8 in Fighting
  6566 | D:2      | Bought a slimy buckler for 285 gold pieces
  6566 | D:2      | Identified the +2 buckler of the Eye-covered God {rF-
                  | Will+++ rCorr Str+5} (You bought it in a shop on level 2 of
                  | the Dungeon)
  7123 | D:8      | Found a shadowy altar of Dithmenos.
  7204 | D:8      | Noticed a two-headed ogre
  7214 | D:8      | Killed a two-headed ogre
  7214 | D:8      | Reached **** piety under Okawaru
  7215 | D:8      | Reached XP level 10. HP: 89/89 MP: 12/12
  7473 | D:9      | Reached ***** piety under Okawaru
  7633 | D:9      | Noticed a two-headed ogre
  7636 | D:9      | Killed a two-headed ogre
  7637 | D:9      | Reached skill level 1 in Throwing
  7834 | D:9      | Found a staircase to the Lair.
  8188 | D:10     | Entered Level 10 of the Dungeon
  8199 | D:10     | Found a hazy altar of Hepliaklqana.
  8226 | D:10     | Noticed Urug
  8229 | D:10     | Found a flagged portal.
  8242 | D:10     | Killed Urug
  8242 | D:10     | Received a gift from Okawaru
  8342 | Bailey   | Entered a bailey
  8365 | Bailey   | Noticed an orc knight
  8376 | Bailey   | Killed an orc knight
  8377 | Bailey   | Reached skill level 9 in Fighting
  8377 | Bailey   | Reached skill level 5 in Shields
  8377 | Bailey   | Reached skill level 5 in Invocations
  8377 | Bailey   | Reached XP level 11. HP: 95/97 MP: 11/14
  8415 | Bailey   | Noticed an orc knight
  8437 | Bailey   | Killed an orc knight
  8796 | Bailey   | Noticed an orc warlord
  8815 | Bailey   | Killed an orc warlord
  8869 | Bailey   | Acquired the ring "Pisaal" {rC+ AC+4 SInv}
  9181 | D:2      | Bought a potion of heal wounds for 50 gold pieces
  9181 | D:2      | Bought a potion of mutation for 80 gold pieces
  9181 | D:2      | Bought a potion of lignification for 30 gold pieces
  9181 | D:2      | Bought a potion of attraction for 30 gold pieces
  9407 | D:10     | Identified the +2 trident of Courage {drain, *Corrode rF+
                  | rN+ SInv}
  9425 | D:10     | Noticed Harold
  9435 | D:10     | Killed Harold
  9441 | D:10     | Reached skill level 10 in Fighting
  9441 | D:10     | Reached XP level 12. HP: 99/106 MP: 14/18
  9585 | D:10     | Found Nelotru's Weapon Boutique.
  9619 | D:10     | Reached skill level 10 in Armour
  9631 | D:10     | Found a staircase to the Orcish Mines.
  9634 | D:10     | Found Padud's Armour Boutique.
  9888 | Lair:1   | Entered Level 1 of the Lair of Beasts
  9900 | Lair:1   | Received a gift from Okawaru
 10366 | Lair:1   | Noticed a death yak
 10380 | Lair:1   | Killed a death yak
 11242 | Lair:2   | Found a staircase to the Snake Pit.
 11305 | Lair:2   | Reached ****** piety under Okawaru
 11449 | Lair:2   | Identified the +3 executioner's axe of Scorn {antimagic,
                  | rElec rPois} (Okawaru gifted it to you on level 2 of the
                  | Lair of Beasts)
 11449 | Lair:2   | Received a gift from Okawaru
 11450 | Lair:2   | Reached skill level 11 in Fighting
 11450 | Lair:2   | Reached XP level 13. HP: 108/116 MP: 18/20
 11506 | Lair:2   | Noticed Amaemon
 11523 | Lair:2   | Killed Amaemon
 11840 | Lair:2   | Reached skill level 10 in Invocations
 12123 | Lair:2   | Found a blossoming altar of Fedhas.
 12471 | Lair:2   | Reached skill level 15 in Axes
 12866 | Lair:3   | Found a staircase to the Shoals.
 13190 | Lair:3   | Received a gift from Okawaru
 13544 | Lair:3   | Received a gift from Okawaru
 13987 | Lair:3   | Reached skill level 12 in Fighting
 14152 | Lair:3   | Identified the +10 glaive of Getary {pain, Fly Int+3}
 14258 | Lair:4   | Found a viscous altar of Jiyva.
 14258 | Lair:4   | Found a staircase to the Slime Pits.
 14303 | Lair:4   | Reached XP level 14. HP: 126/126 MP: 22/22
 15002 | Lair:5   | Entered Level 5 of the Lair of Beasts
 15093 | Lair:5   | Noticed Nessos
 15293 | Lair:5   | Received a gift from Okawaru
 15423 | Lair:5   | Killed Nessos
 15426 | Lair:5   | Reached skill level 13 in Fighting
 15927 | Lair:5   | Identified the +0 chain mail of the Ageless Runes {rF+
                  | Dex+3} (Okawaru gifted it to you on level 5 of the Lair of
                  | Beasts)
 15927 | Lair:5   | Received a gift from Okawaru
 15998 | Lair:5   | Identified the staff of death "Diptaics" {rPois rN+ Str+3
                  | Int-4 Dex+2}
 15999 | Lair:5   | Identified the +11 plate armour of Foolhardiness {Dex+4}
 16000 | Lair:5   | Identified the +11 short sword "Car Souhame" {pain, rF++
                  | rN++ Int-2}
 16853 | D:11     | Identified the +0 long sword "Kuoviene" {venom, Fly rC+
                  | Will+}
 16864 | D:11     | Found Ideedos's Jewellery Emporium.
 17455 | D:11     | Found a bloodstained altar of Trog.
 17790 | D:12     | Found an opulent altar of Gozag.
 17979 | D:12     | Reached skill level 14 in Fighting
 18452 | Orc:1    | Entered Level 1 of the Orcish Mines
 18521 | Orc:1    | Noticed Wimnad's ghost (journeyman TrFi)
 18600 | Orc:1    | Found a transporter.
 18666 | Orc:1    | Noticed Erolcha
 18671 | Orc:1    | Killed Erolcha
 18688 | Orc:1    | Reached XP level 15. HP: 120/139 MP: 18/23
 18887 | Orc:1    | Found a transporter.
 19093 | Orc:1    | Killed Wimnad's ghost
 19212 | Orc:2    | Entered Level 2 of the Orcish Mines
 19212 | Orc:2    | Noticed an orc warlord
 19219 | Orc:2    | Reached skill level 15 in Fighting
 19231 | Orc:2    | Reached skill level 10 in Shields
 19236 | Orc:2    | Killed an orc warlord
 19237 | Orc:2    | Found Qejakoen's Armour Shoppe.
 19461 | Orc:2    | Noticed Josephine
 19467 | Orc:2    | Found a staircase to the Elven Halls.
 19473 | Orc:2    | Killed Josephine
 19473 | Orc:2    | Received a gift from Okawaru
 19793 | Orc:2    | Found Kasmimiul's General Store.
 20009 | Orc:2    | Bought the +3 pair of gauntlets of War {Slay+5} for 570
                  | gold pieces
 20009 | Orc:2    | Found the +3 pair of gauntlets of War {Slay+5}
 20096 | Orc:2    | Found Mer Dully's Magic Scroll Shoppe.
 20102 | Orc:2    | Found Kyicwano's Antique Weapon Shop.
 20126 | Orc:2    | Found Noix's Jewellery Shop.
 20237 | Orc:2    | Bought a potion of haste for 130 gold pieces
 20237 | Orc:2    | Bought a potion of heal wounds for 65 gold pieces
 20237 | Orc:2    | Bought a scroll of teleportation for 39 gold pieces
 20514 | D:12     | Reached skill level 16 in Fighting
 20807 | D:13     | Received a gift from Okawaru
 20906 | D:13     | You fall into a shaft and drop 1 floor!
 20932 | D:14     | Found a broken altar of Ashenzari.
 21212 | D:13     | Found a gate to the Vaults.
 21666 | D:14     | Found a transporter.
 21668 | D:14     | Found a transporter.
 22195 | D:14     | Noticed Snorg
 22202 | D:14     | Killed Snorg
 22205 | D:14     | Reached XP level 16. HP: 120/154 MP: 19/24
 22395 | D:14     | Received a gift from Okawaru
 22476 | D:15     | Entered Level 15 of the Dungeon
 22484 | D:15     | Identified the +1 ring mail of the Fiddle {rPois rN+
                  | Stlth+}
 22516 | D:14     | Reached skill level 17 in Fighting
 22672 | D:15     | Found a staircase to the Depths.
 22750 | D:15     | Identified the ring of Eternal Harmony {rF+ rN++}
 22781 | D:15     | Noticed Joseph
 22792 | D:15     | Killed Joseph
 23634 | Shoals:1 | Entered Level 1 of the Shoals
 23792 | Shoals:1 | Noticed Nikola
 23822 | Shoals:2 | Found a sparkling altar of Nemelex Xobeh.
 24410 | Snake:1  | Entered Level 1 of the Snake Pit
 24419 | Lair:2   | Received a gift from Okawaru
 24420 | Lair:2   | Reached skill level 1 in Stealth
 25095 | Snake:1  | Reached skill level 15 in Armour
 25198 | Snake:2  | Received a gift from Okawaru
 25302 | Snake:2  | Reached skill level 18 in Fighting
 25319 | Snake:2  | Identified the +1 plate armour of the Evening Star {rC+
                  | Int+3}
 25357 | Snake:2  | Noticed Saint Roka
 25927 | Snake:2  | Reached XP level 17. HP: 165/165 MP: 25/25
 26242 | Snake:2  | Noticed Vashnia
 26253 | Snake:2  | Killed Vashnia
 26367 | Snake:2  | Killed Saint Roka
 26367 | Snake:2  | Received a gift from Okawaru
 26629 | Snake:3  | Noticed Jorgrun
 26943 | Snake:3  | Received a gift from Okawaru
 27069 | Snake:3  | Reached skill level 19 in Fighting
 27518 | Snake:3  | Received a gift from Okawaru
 27657 | Snake:3  | Killed Jorgrun
 27741 | Snake:3  | Noticed Roxanne
 28227 | Snake:3  | Killed Roxanne
 28249 | Snake:4  | Entered Level 4 of the Snake Pit
 28791 | Snake:4  | Identified the +3 sling of Ynusyung {elec, rC- rN+ Dex+8}
                  | (Okawaru gifted it to you on level 4 of the Snake Pit)
 28791 | Snake:4  | Received a gift from Okawaru
 28981 | Snake:4  | Found Nohyl Gofi's Armour Boutique.
 29245 | Snake:4  | Reached skill level 20 in Fighting
 29284 | Snake:4  | Found Kaivurch's Book Shop.
 29285 | Snake:4  | Found Imu Joosh's General Store.
 29285 | Snake:4  | Found Goruawure's Weapon Shop.
 29307 | Snake:4  | Bought a scarf of repulsion for 180 gold pieces
 29511 | Snake:4  | Reached XP level 18. HP: 175/178 MP: 26/26
 29669 | Snake:4  | Received a gift from Okawaru
 30173 | Snake:4  | Reached skill level 15 in Shields
 30579 | Snake:4  | Got a serpentine rune of Zot
 30616 | Snake:4  | Received a gift from Okawaru
 30891 | Vaults:1 | Entered Level 1 of the Vaults
 31050 | Vaults:1 | Identified the +0 scale mail of Starshine {+Blink rPois rN+
                  | SInv} (Okawaru gifted it to you on level 1 of the Vaults)
 31050 | Vaults:1 | Received a gift from Okawaru
 31073 | Vaults:1 | Identified the +8 morningstar of Ycurph {speed, SInv}
 31134 | Vaults:1 | Reached skill level 21 in Fighting
 32283 | Vaults:1 | Identified the +1 sling "Imnefulla" {antimagic, Str-2 Int+5
                  | Stlth+}
 32296 | Vaults:1 | Identified the +3 leather armour of Aprish {rC+}
 32297 | Vaults:1 | Identified the +0 ring mail of Responsibility {rN+}
 32441 | Vaults:1 | Received a gift from Okawaru
 32442 | Vaults:1 | Reached XP level 19. HP: 191/191 MP: 27/27
 32838 | Vaults:2 | Noticed Margery
 33260 | Vaults:2 | Reached skill level 22 in Fighting
 33596 | Vaults:2 | Killed Margery
 34571 | Vaults:3 | Received a gift from Okawaru
 34682 | Vaults:3 | Reached skill level 5 in Evocations
 34785 | Vaults:3 | Found a staircase to the Crypt.
 34785 | Vaults:3 | Found an ancient bone altar of Kikubaaqudgha.
 34786 | Vaults:3 | Found a basalt altar of Yredelemnul.
 35603 | Shoals:1 | Killed Nikola
 35603 | Shoals:1 | Received a gift from Okawaru
 35604 | Shoals:1 | Reached skill level 5 in Throwing
 36206 | Shoals:2 | Reached skill level 23 in Fighting
 36374 | Shoals:2 | Noticed Ilsuiw
 36395 | Shoals:1 | Killed Ilsuiw
 36439 | Shoals:2 | Received a gift from Okawaru
 36444 | Shoals:2 | Reached XP level 20. HP: 161/203 MP: 24/28
 37368 | Shoals:2 | Found Kokkodak's Antique Weapon Shoppe.
 37458 | Shoals:3 | Noticed Bai Suzhen
 37471 | Shoals:3 | Killed Bai Suzhen
 37824 | Shoals:3 | Noticed Polyphemus
 37834 | Shoals:3 | Killed Polyphemus
 37839 | Shoals:3 | Received a gift from Okawaru
 38346 | Shoals:4 | Entered Level 4 of the Shoals
 38803 | Shoals:4 | Identified the ring "Elidoez" {Fire Dex+6}
 38936 | Shoals:4 | Received a gift from Okawaru
 39513 | Shoals:4 | Received a gift from Okawaru
 39520 | Shoals:4 | Got a barnacled rune of Zot
 40962 | Vaults:3 | Received a gift from Okawaru
 40971 | Vaults:3 | Reached XP level 21. HP: 198/213 MP: 28/30
 41124 | Crypt:1  | Entered Level 1 of the Crypt
 42062 | Crypt:1  | Reached skill level 24 in Fighting
 42143 | Crypt:1  | Received a gift from Okawaru
 42530 | Vaults:4 | Identified the +6 hand axe "Zuop" {freeze, rElec rF+}
                  | (Okawaru gifted it to you on level 4 of the Vaults)
 42530 | Vaults:4 | Received a gift from Okawaru
 42982 | Crypt:2  | Received a gift from Okawaru
 43582 | Crypt:2  | Found a runed translucent door.
 43586 | Crypt:2  | Noticed Hali's ghost (veteran FoFi)
 43860 | Crypt:2  | Killed Hali's ghost
 43870 | Crypt:2  | Identified the +8 longbow "Goblinbane" {antimagic, Contam
                  | rPois rCorr SInv}
 44105 | Crypt:3  | Entered Level 3 of the Crypt
 44861 | Crypt:3  | Received a gift from Okawaru
 44869 | Crypt:3  | Reached skill level 25 in Fighting
 45014 | Crypt:3  | Found a staircase to the Tomb.
 45172 | Crypt:3  | Reached XP level 22. HP: 219/226 MP: 29/31
 45184 | Crypt:3  | Received a gift from Okawaru
 45208 | Crypt:3  | Received a gift from Okawaru
 45834 | Crypt:3  | Found an ancient bone altar of Kikubaaqudgha.
 45837 | Crypt:3  | Found a basalt altar of Yredelemnul.
 45837 | Crypt:3  | Noticed a dread lich
 45854 | Crypt:3  | Killed a dread lich
 45889 | Crypt:3  | Found the +13 scythe of Curses {drain, curses, Drain}
 45898 | Crypt:3  | Identified the +5 battleaxe of Quli Mao {venom, rCorr Str+2
                  | Stlth-}
 45902 | Crypt:3  | Identified the +1 long sword of Bile {heavy, rElec Will-
                  | rCorr Dex+3}
 45905 | Crypt:3  | Identified the +4 scimitar of Responsibility {pain, *Rage
                  | rF+ rC+ Str+3}
 45907 | Crypt:3  | Got the Quarto of Liminal Conflagration
 46160 | Tomb:1   | Entered Level 1 of the Tomb of the Ancients
 46250 | Tomb:1   | Noticed a royal mummy
 46264 | Tomb:1   | Noticed a royal mummy
 46264 | Tomb:1   | Noticed a royal mummy
 46268 | Tomb:1   | Noticed a royal mummy
 46268 | Tomb:1   | Noticed a royal mummy
 47087 | Vaults:4 | Received a gift from Okawaru
 47169 | Vaults:4 | Identified the +1 buckler "Bielisyn" {rCorr Stlth+}
 47257 | Vaults:4 | Found Teiwkul's General Store.
 47284 | Vaults:4 | Reached skill level 26 in Fighting
 48257 | Depths:1 | Entered Level 1 of the Depths
 48523 | Vaults:5 | Entered Level 5 of the Vaults
 48544 | Vaults:5 | Reached XP level 23. HP: 188/238 MP: 20/32
 48578 | Vaults:5 | Noticed a golden dragon
 48629 | Vaults:5 | Received a gift from Okawaru
 48670 | Vaults:5 | Received a gift from Okawaru
 48676 | Vaults:5 | Killed a golden dragon
 48678 | Vaults:5 | HP: 11/238 [poison (poison gas)]
 48691 | Arena    | Entered the Arena
 49140 | Vaults:5 | Identified the ring of Trepidation {Str+6 Int+3 Dex+3}
 49361 | Vaults:5 | Identified the +9 arbalest of the Fortifying Salmon {heavy,
                  | Fragile rPois rN+ Dex+3}
 49432 | Vaults:5 | Identified the +0 crystal plate armour of Horulu {Int+8
                  | Dex+3 Stlth-}
 49436 | Vaults:5 | Got a silver rune of Zot
 49889 | Vaults:5 | Identified the +1 ring mail of the Known World {rC+ rN+
                  | Will+} (Okawaru gifted it to you on level 5 of the Vaults)
 49889 | Vaults:5 | Received a gift from Okawaru
 49890 | Vaults:5 | Noticed a dread lich
 49903 | Vaults:5 | Killed a dread lich
 49904 | Vaults:5 | Reached skill level 27 in Fighting
 50559 | Vaults:5 | Noticed a golden dragon
 50569 | Vaults:5 | Killed a golden dragon
 50711 | Vaults:5 | Found the +12 pair of quick blades "Gyre" and "Gimble"
                  | {protect}
 50715 | Vaults:5 | Found the +3 greatsling "Punk" {acid, rCorr}
 50765 | Vaults:5 | Identified the +4 great sword of Zownoext {vamp, Str+2}
 50779 | Vaults:5 | Got the Atlas of Overhead Pyromancy
 51203 | Vaults:5 | Reached skill level 1 in Ranged Weapons
 51418 | Vaults:5 | Got Xunk's Codex of Freezing
 52242 | Tomb:1   | Reached XP level 24. HP: 226/249 MP: 30/32
 52255 | Tomb:1   | Identified the +8 plate armour of Resonance {rF+ Str+4}
                  | (Okawaru gifted it to you on level 1 of the Tomb of the
                  | Ancients)
 52255 | Tomb:1   | Received a gift from Okawaru
 52263 | Tomb:1   | Noticed Khufu
 52694 | Tomb:1   | HP: 2/246 [death scarab[Khufu] (13)]
 52696 | Tomb:1   | Killed from afar by Khufu

Illustrated notes

Levels and vault maps discovered:
D:1:      dpeg_arrival_chambers_temple_mockup, layout_rooms
D:2:      layout_loops_ring, shapermc_ecumenical_altar_petra, serial_shops,
          nicolae_shop_waterfront, nicolae_shop_competitors_out_of_business,
          kennysheep_generic_room_6, uniq_robin
D:3:      layout_basic, fedhas_altar_fruit_tree, serial_forest,
          infiniplex_forest_lined_2, infiniplex_forest_clump_double,
          infiniplex_forest_clump_double, infiniplex_forest_end_2,
          infiniplex_forest_pool, serial_shops, nicolae_diamond_shop
D:4:      layout_loops_ring, minmay_temple_entry_stoned_glass
D:5:      layout_loops_corners, nrook_mini_vaults, kennysheep_nub, uniq_pikel
D:6:      layout_rooms, amcnicky_altar_gilded, minmay_misc_feat_hallway,
          serial_park_tiny_2
D:7:      layout_rooms, nicolae_overflow_hallway_of_the_gods,
          lightli_ossuary_entry_decrepit_ruins, lightli_minifort
D:8:      layout_rooms, vehumet_altar_wand_db,
          nicolae_dithmenos_through_a_glass_darkly
D:9:      layout_basic, lair_entry_dummy
D:10:     minmay_inner_zag, layout_basic, mainiacjoe_overflow_six_doors_small,
          orc_david_3, enter_bailey_2, minivault_8, uniq_urug, uniq_harold
D:11:     layout_loops_ring, serial_shops, nicolae_shop_crystal,
          serial_co_window_serial, co_window_corner_a, co_window_paths_b,
          co_window_of_opportunity_a, co_window_corner_a,
          co_window_of_opportunity_a, co_window_of_opportunity_a,
          co_window_2corner, co_window_2corner, co_window_cross_2,
          co_window_of_opportunity_b, co_window_corner_cb, co_window_2corner,
          co_window_paths_e, glass_columns_a, glass_columns_a,
          trog_hazing_becter
D:12:     layout_cave_pools, grunt_gozag_statues
D:13:     layout_small_grid, david_vaults_2
D:14:     gammafunk_boulding_lane, layout_grid_maze, ashenzari_altar_1,
          uniq_azrael, uniq_frances, uniq_snorg
D:15:     gammafunk_depths_entry_grave, layout_long_grid, serial_glass,
          glass_columns_b, glass_columns_b, corexii_corridor_pit,
          minmay_sticks_and_stones
Temple:   nicolae_temple_slightly_damp_pantheon
Lair:1:   layout_layer_cave
Lair:2:   layout_cave_pods, guppyfry_snake_entry_garden, hangedman_tree_tricks,
          uniq_amaemon
Lair:3:   layout_concentric_octagons, minmay_shoals_entry_hut,
          nicolae_quartered_pool_little, serial_bayou_ford_a,
          nicolae_lair_lakeside_cave
Lair:4:   layout_roguey, nicolae_slime_entry_field_trip, lemuel_fruit_fields,
          lemuel_fruit_tree
Lair:5:   grunt_lair_end_beastmaster, layout_cave_shapes, serial_bayou_pond_d,
          uniq_nessos
Shoals:1: layout_shoals, uniq_nikola
Shoals:2: layout_shoals, serial_shops, nicolae_shop_waterfront,
          lemuel_oklob_altar, uniq_ilsuiw
Shoals:3: layout_shoals, uniq_bai_suzhen, uniq_polyphemus
Shoals:4: shoals_end_grunt_ice, layout_shoals, nicolae_shoals_hunting_party
Snake:1:  layout_onion, guppyfry_snake_island
Snake:2:  layout_basic, special_room, uniq_saint_roka, uniq_vashnia
Snake:3:  layout_chambers, nicolae_snake_salamander_fort, uniq_jorgrun,
          uniq_roxanne
Snake:4:  johnstein_snake_rune_scales, layout_misc_corridors, minmay_shoptagon
Orc:1:    layout_caves, gammafunk_ghost_arena, uniq_erolcha
Orc:2:    st_orc_elflike, layout_caves, serial_shops, shop,
          guppyfry_library_mini, uniq_josephine
Vaults:1: nicolae_vaults_storage_room_doors, v_misc_27,
          ontoclasm_vaults_ring_small, nicolae_vaults_twisting_passages,
          ontoclasm_vaults_fault, nicolae_vaults_mitosis,
          hangedman_vaults_stagger, nicolae_vaults_house_2,
          nicolae_vaults_storing_the_good_stuff, dpeg_vaults_monster_box,
          grunt_vaults_trifunnel, nicolae_vaults_house_2, vaults_room_pool,
          nicolae_vaults_layer_cake_slice, layout_vaults_ring
Vaults:2: nicolae_vaults_storage_closets_1, v_alt_pattern_3,
          hangedman_vaults_stretched_pinwheel, nicolae_vaults_diamond_1,
          layout_vaults_quadrants, uniq_margery
Vaults:3: minmay_crypt_entry_necro_gods, vaults_mumra_minichess_inversion,
          nicolae_vaults_tetromino_L_2, ontoclasm_vaults_chip,
          nicolae_vaults_shipping_containers_3, nicolae_vaults_border_crossing,
          v_rooms_4, nicolae_vaults_gold_heap, nicolae_vaults_apartment_2,
          v_misc_26, v_misc_28, nicolae_vaults_hallways_thing,
          nicolae_vaults_tetromino_Z_2, ontoclasm_vaults_idyll,
          nicolae_vaults_tetromino_L_1, nicolae_vaults_trapezoid_3, v_misc_13,
          layout_vaults_omnibox
Vaults:4: dpeg_vaults_monster_row, grunt_vaults_funnel, nicolae_vaults_two_Ls,
          nicolae_vaults_more_shelving_1, ontoclasm_vaults_ligature,
          nicolae_vaults_trapezoid_4, nicolae_vaults_frosty_reception,
          serial_ice_m, nicolae_vaults_wine_cellar, hangedman_vaults_locks,
          layout_vaults_big_room, serial_shops, shop
Vaults:5
Crypt:1:  layout_regular_city, grunt_crypt_arrival_split, grunt_megastairs_3,
          roderic_lattice_octagonal_star
Crypt:2:  layout_rooms, ebering_ghost_reflecting_pool
Crypt:3:  lightli_unholy_cathedral, layout_chaotic_city, serial_sigils,
          serial_sigils_hangedman_shear, serial_sigils_hangedman_confine,
          serial_sigils_hangedman_shear, serial_sigils_hangedman_clutch,
          serial_sigils_hangedman_scratch
Tomb:1:   uniq_khufu
Depths:1: layout_gridlike, nicolae_figureground_sparkle, rand_demon_pan_entry_9,
          grunt_hell_horde, evilmike_ambush [evilmike_ambush_outer_basic,
          evilmike_ambush_inner_basic], serial_bayou_shore_b, firewood_loft,
          infiniplex_staircase_pool_lava

Skill      XL: |  1  2  3  4  5  6  7  8  9 10 11 12 13 14 15 16 17 18 19 20 21 22 23 24 |
---------------+-------------------------------------------------------------------------+-----
Axes           | 3 4 5 6 8 10 11 12 13 16 17 18 19 20 21 | 21.2
Fighting       | 4 5 6 8 9 10 11 12 14 16 18 20 21 23 25 26 27 | 27.0
Armour         | 4 5 6 8 9 10 11 13 14 15 16 17 18 19 20 | 20.6
Invocations    | 2 3 5 8 9 11 12 | 12.9
Shields        | 4 5 6 7 9 11 12 14 15 16 17 18 19 20 | 20.6
Dodging        | 1 2 3 4 |  4.1
Evocations     | 1 2 4 5 7 8 |  8.3
Maces & Flails | 6 8 |  8.2
Throwing       | 1 2 3 4 5 7 |  7.6
Stealth        | 1 2 3 4 |  4.0
Ranged Weapons | 3 4 |  4.7

Action                     |  1- 3 |  4- 6 |  7- 9 | 10-12 | 13-15 | 16-18 | 19-21 | 22-24 || total
---------------------------+-------+-------+-------+-------+-------+-------+-------+-------++-------
  Melee: War axe           |    96 |   176 |   244 |       |       |       |       |       ||   516
         Morningstar       |       |       |   112 |    65 |       |       |       |       ||   177
         Broad axe         |       |       |       |   242 |   725 |   834 |  1109 |   627 ||  3537
   Fire: Greatsling        |       |       |       |       |       |       |       |    50 ||    50
  Throw: Dart              |       |       |     6 |     2 |     4 |     6 |     1 |       ||    19
         Boomerang         |       |       |       |       |    11 |     4 |       |       ||    15
         Javelin           |       |       |       |       |       |       |       |     3 ||     3
 Invoke: Heroism           |       |     1 |     4 |     6 |     6 |     6 |     6 |     6 ||    35
         Finesse           |       |       |       |     1 |       |     2 |     2 |     3 ||     8
         Duel              |       |       |       |       |       |       |       |     1 ||     1
  Evoke: Wand              |       |       |       |     1 |     2 |       |       |     3 ||     6
         Condenser vane    |       |       |       |     1 |       |       |       |     1 ||     2
         Lightning rod     |       |       |       |       |       |       |       |     4 ||     4
    Use: Scroll            |       |     5 |     7 |     8 |    15 |     3 |       |     9 ||    47
         Potion            |       |       |     4 |     2 |       |       |     2 |    15 ||    23
   Stab: Petrified         |       |       |       |       |     4 |       |     5 |       ||     9
         Distracted        |       |       |       |       |       |     1 |       |       ||     1
         Petrifying        |       |       |       |       |       |       |     1 |       ||     1
 Armour: Scale mail        |    65 |    89 |    69 |       |       |       |       |       ||   223
         Chain mail        |       |       |   142 |   104 |   188 |       |       |       ||   434
         Plate armour      |       |       |       |       |   227 |   445 |   659 |   462 ||  1793
  Dodge: Dodged            |    52 |    80 |   172 |    81 |   223 |   228 |   374 |   244 ||  1454
         Repelled          |       |       |       |       |       |     8 |     5 |     5 ||    18
  Block: Buckler           |    20 |    40 |   105 |    70 |   255 |   202 |   417 |   329 ||  1438
         Kite shield       |       |       |       |       |       |   189 |   162 |       ||   351
